 Dungeon Crawl Stone Soup version 0.29-a0-25-g7f48f510a0 (webtiles) character file.

Game seed: 18365106476621903436

251083 Zonian the Warrior (level 19, -4/143 HPs)
             Began as a Djinni Ice Elementalist on Jan 30, 2022.
             Was the Champion of Jiyva.
             Killed from afar by an ironbound frostheart (27 damage)
             ... by creeping frost
             ... on level 1 of the Vaults on Feb 2, 2022.
             The game lasted 03:06:55 (35352 turns).

Zonian the Warrior (Djinni Ice Elementalist)       Turns: 35352, Time: 03:06:55

Health: -4/143     AC:  7    Str:  9    XL:     19   Next: 88%
Gold:   1161       EV: 25    Int: 35    God:    Jiyva [******] SH:  6 Dex: 25

rFire   + + .      SeeInvis .   t - +5 rapier (speed)
rCold   . . .      Faith    .   X - +0 buckler
rNeg    . . .      Spirit   .   p - +1 robe {rC+}
rPois   ∞          Reflect  .   (no helmet)
rElec   .          Harm     .   (no cloak)
rCorr   +          Rampage  .   m - +2 pair of gloves
Will    +....      Clarity  +   (boots unavailable)
Stlth   ++++++....              b - amulet of the acrobat
HPRegen 1.93/turn               w - +6 ring of intelligence
MPRegen 0.00/turn               I - ring "Naosaj" {Int+6 Dex+9}

@: calling ooze, flying
A: sickness immunity, fire resistance 2, cold vulnerability 1, float, innate
caster, HP casting, extra vitality 1, iridescent scales 1, clarity, clever 1,
sense surroundings 2, pseudopods 2, tendrils, jelly absorbing missiles, sturdy
frame 3, engulf, noise suppression
}: 3/15 runes: serpentine, barnacled, slimy
a: Renounce Religion, Oozemancy, Slimify


You were on level 1 of the Vaults.
You worshipped Jiyva.
Jiyva was exalted by your worship.
You visited 7 branches of the dungeon, and saw 37 of its levels.
You also visited: Volcano.

You collected 1342 gold pieces.
You spent 181 gold pieces at shops.

Inventory:

Hand Weapons
 e - the +4 quarterstaff of Fedhas's Inspiration {vorpal, rElec Dex+4}
   (You found it on level 1 of the Shoals)

   It inflicts extra damage upon your enemies.
   Dex:       It affects your dexterity (+4).
   rElec:     It insulates you from electricity.
 h - a +2 rapier of flaming
 l - a +2 hand crossbow of freezing
 q - a +5 short sword of venom
 s - a +2 falchion of holy wrath
 t - a +5 rapier of speed (weapon)
 A - a +1 scimitar of flaming
 U - a +11 hand crossbow of freezing
Missiles
 c - 2 throwing nets
 o - a boomerang of dispersal
 L - 324 bolts
Armour
 d - a scarf of invisibility
 g - a scarf of shadows
 m - a +2 pair of gloves (worn)
 p - a +1 robe of cold resistance (worn)
 u - the +1 ring mail of Pantheism {rC+}
   (You found it on level 5 of the Pits of Slime)

   rC:        It protects you from cold.
 D - a +1 cloak of preservation
 J - a +2 scale mail of cold resistance
 W - an orb of mayhem
 X - a +0 buckler (worn)
Magical Staves
 N - a staff of cold
 S - a staff of fire
Jewellery
 a - a ring of protection from cold
 b - an amulet of the acrobat (around neck)
 w - a +6 ring of intelligence (left hand)
 I - the ring "Naosaj" (right hand) {Int+6 Dex+9}
   (You found it on level 6 of the Lair of Beasts)

   [ring of intelligence]

   Int:       It affects your intelligence (+6).
   Dex:       It affects your dexterity (+9).
 Q - a ring of ice
Wands
 f - a wand of paralysis (2)
 v - a wand of charming (4)
 y - a wand of flame (34)
 C - a wand of acid (3)
 G - a wand of iceblast (1)
 T - a wand of polymorph (3)
 Y - a wand of mindburst (4)
Scrolls
 i - 3 scrolls of fog
 n - a scroll of fear
 z - 4 scrolls of teleportation
 K - a scroll of summoning
 O - a scroll of blinking
 Z - a scroll of magic mapping
Potions
 r - 6 potions of ambrosia
 x - 6 potions of curing
 B - a potion of invisibility
 F - a potion of lignification
 H - 2 potions of resistance
 M - 3 potions of brilliance
 P - a potion of might
 R - a potion of berserk rage
 V - a potion of mutation
Miscellaneous
 j - a phantom mirror
 E - a tin of tremorstones (2/2)


   Skills:
 + Level 15.4 Fighting
 + Level 10.1 Short Blades
 + Level 7.7 Crossbows
 - Level 5.0 Armour
 - Level 15.0 Dodging
 - Level 13.7 Stealth
 - Level 4.0 Shields
 + Level 13.0 Spellcasting
 + Level 8.9 Evocations


You couldn't memorise any spells.
You knew the following spells:

 Your Spells              Type           Power      Damage    Failure   Level
a - Freeze                Ice            100%       1d11      0%          1
b - Frozen Ramparts       Ice            100%       1d12      1%          3
c - Ozocubu's Armour      Ice            85%        N/A       1%          3
d - Hailstorm             Conj/Ice       85%        3d17      1%          4
e - Slow                  Hex            100%       N/A       0%          1
f - Scorch                Fire           100%       2d10      0%          2
g - Mephitic Cloud        Conj/Pois/Air  85%        N/A       1%          3
h - Ice Form              Ice/Tmut       85%        N/A       1%          4
i - Fireball              Conj/Fire      42%        3d17      1%          5
j - Irradiate             Conj/Tmut      42%        3d27      1%          5
k - Statue Form           Tmut/Erth      56%        N/A       1%          6
l - Death Channel         Necr           42%        N/A       1%          6
m - Orb of Destruction    Conj           42%        9d12      9%          7
Your spell library was empty.

Dungeon Overview and Level Annotations

Branches:
Dungeon (15/15)            Temple (0/1) D:5            Lair (6/6) D:8
 Shoals (4/4) Lair:3        Snake (4/4) Lair:2        Slime (5/5) Lair:5
    Orc (2/2) D:11            Elf (0/3) Orc:2        Vaults (1/5) D:14
 Depths (0/4) D:15        Volcano (visited)

Altars:
Gozag
Hepliaklqana
Makhleb
Nemelex Xobeh
Okawaru
Ru
Wu Jian
Beogh
Jiyva

Shops:
D:12 [   D:15 :   Orc:1 *   Orc:2 ([:*   Snake:3 *   Snake:4 :((

Annotations:
Snake:1 2 transporters, 1 runed translucent door, freelancePsychic's ghost, journeyman MiBe
Snake:2 Aizul
Slime:5 Royal Jelly


Innate Abilities, Weirdness & Mutations

You are immune to sickness and miasma.
You are immune to poison.
Your flesh is very heat resistant. (rF++)
You are vulnerable to cold. (rC-)
You float through the air rather than walking.
You learn spells naturally, not from books.
Your magical power is your life essence.
You have superior vitality. (+4 MHP)
You are partially covered in iridescent scales. (AC +2)
You possess an exceptional clarity of mind.
Your mind is acute. (Int +2)
You passively map the area around you.
Armour fits poorly on your large pseudopods.
You are covered in slimy tendrils that may disarm your opponents.
You have a small jelly attached to you that may absorb projectiles.
Your movements are significantly less encumbered by armour. (ER -6)
Your melee attacks may engulf your foes in ooze.
You passively dampen the noise of your surroundings.


Message History

The walls burn the ironbound frostheart!
The ironbound frostheart calls freezing cold from the walls.
The frost grips you!!
* * * LOW HITPOINT WARNING * * *
The ice encasing you melts away.
Your rockslime hits the orc knight but does no damage.
You hear a distant slurping noise.
Casting: Mephitic Cloud (safe; 1% risk of failure)
Confirm with . or Enter, or press ? or * to list all spells.
Okay, then.
You feel much better.
Your rockslime hits the orc knight!!
The orc knight holds its ground!
The walls burn the orc knight!
The orc knight hits you with a +0 battleaxe!!
* * * LOW HITPOINT WARNING * * *
The orc knight hits your rockslime but does no damage.
You hear a thunk.
The bolt hits your rockslime but does no damage.
The walls burn the ironbound frostheart!
Your rockslime hits the orc knight but does no damage.
You hit the orc knight but do no damage.
The orc knight is almost dead.
The walls burn the orc knight!
The orc knight closely misses you.
The orc knight hits your rockslime with a +0 battleaxe!
You hear a distant slurping noise.
You hear a squelching noise.
You closely miss the orc knight. Your bludgeon misses the orc knight.
The orc knight is almost dead.
Your rockslime dissolves into a puddle of slime!
The walls burn the ironbound frostheart!
The ironbound frostheart touches you!
* * * LOW HITPOINT WARNING * * *
The ironbound frostheart freezes you!
* * * LOW HITPOINT WARNING * * *
Okay, then.
Okay, then.
You feel much better.
The walls burn the orc knight!
You kill the orc knight!
The walls burn the ironbound frostheart!
The ironbound frostheart calls freezing cold from the walls.
The frost grips you!!
You die...

, ........#.......# ......
, ,........#..>....#
#......# ,
........'^......#*##....##
, ........'.......#
##..##*
,,........######### ** '*
,, ........# , , ,
........# , , , ,
*#'#####'####### * * * * #
* #.#...#@# * ,,* * , , *
#.#.#.#)#p# , * , ,
'.#.#.#o#)#.# * ,, ,
###.#.###.#.## ** , '.#.#
#o#o#, ,, * , {##..#
#..o., ,, ,,* ,*{ #.#
,#o'.., , ##,* * ##... , ,
, *, { *... , ,


You could see an orc warlord (wandering, strong) and an ironbound frostheart.

Vanquished Creatures
  Mlioglotl (Shoals:2)
  A kraken (Shoals:3)
  Frances (Snake:2)
  Kirke (Shoals:3)
  The ghost of Hoamet the Archer, an adept DgFE (Snake:4)
  Ilsuiw (Shoals:2)
  5 nagarajas (Snake:4)
  A vault warden (Vaults:1)
  An orc warlord (Orc:2)
  Azrael (Orc:2)
  3 dire elephants (Vaults:1)
  8 merfolk impalers
  An ettin (D:15)
  5 merfolk javelineers
  A deep elf high priest (D:14)
  3 boulder beetles
  3 yaktaur captains (Vaults:1)
  2 salamander tyrants (Snake:4)
  A vault guard (Vaults:1)
  6 anacondas
  8 hydras
  14 naga warriors
  An ogre mage (D:14)
  2 merfolk avatars
  8 merfolk aquamancers
  3 satyrs
  A death knight (D:13)
  2 death yaks (Lair:6)
  12 centaur warriors
  An alligator snapping turtle (Shoals:3)
  4 two-headed ogres
  5 tengu warriors
  7 shock serpents
  7 orc high priests (Orc:2)
  9 naga sharpshooters
  Sonja (Lair:1)
  A deep elf knight (D:14)
  A fire crab (Lair:5)
  A skeletal warrior (D:13)
  A goliath frog (Lair:6)
  2 salamander mystics (Snake:3)
  3 naga ritualists
  9 sea snakes
  3 deep trolls
  A necromancer (D:15)
  Pikel (D:7)
  An ironbound convoker (Vaults:1)
  4 lindwurms
  2 wizards
  A deep elf pyromancer (D:13)
  4 orc knights
  A deep elf zephyrmancer (D:14)
  21 harpies
  6 mana vipers
  3 orc sorcerers (Orc:2)
  21 fauns
  The ghost of frimble the Cutter, a novice DsWr (D:6)
  6 ugly things (D:15)
  8 cyclopes
  15 salamanders
  18 manticores
  2 vault sentinels (Vaults:1)
  8 merfolk sirens
  3 guardian serpents
  10 water nymphs
  4 molten gargoyles (Volcano)
  35 black mambas
  14 naga magi
  11 elephants
  19 cane toads
  5 unseen horrors
  Psyche (D:10)
  2 rime drakes
  3 efreet
  3 freezing wraiths (D:13)
  4 yaktaurs (Vaults:1)
  13 komodo dragons
  A queen bee (D:9)
  A rime drake (shapeshifter) (D:14)
  2 polar bears
  7 trolls
  28 merfolk
  3 tyrant leeches (Lair:6)
  2 hornets (D:9)
  7 wind drakes
  10 snapping turtles
  A blink frog (shapeshifter) (D:14)
  11 dream sheep
  20 blink frogs
  4 shadows
  10 water elementals
  A vampire (D:9)
  5 wyverns
  2 wraiths
  5 basilisks
  33 yaks
  9 fire elementals
  11 vampire mosquitoes
  3 two-headed ogre zombies (D:11)
  7 wargs
  6 hogs (Shoals:3)
  28 nagas
  11 water moccasins
  2 acid dragons
  2 hell hounds (Orc:2)
  3 ice beasts
  21 orc warriors
  A black bear (shapeshifter) (D:14)
  2 necrophages (D:6)
  10 ogres
  6 wolves
  An ogre (shapeshifter) (D:14)
  15 centaurs
  A phantom (D:11)
  3 lemures (D:7)
  16 bullfrogs
  A kobold brigand (D:10)
  An earth elemental (Volcano)
  2 gnoll sergeants
  A scorpion (D:3)
  A water moccasin zombie (D:5)
  A troll zombie (D:11)
  A jelly (Snake:2)
  A water moccasin skeleton (D:6)
  26 killer bees (D:9)
  4 electric eels
  4 howler monkeys
  A bullfrog zombie (D:5)
  3 centaur zombies
  11 orc priests
  3 hounds
  2 bullfrog skeletons (D:5)
  2 iguanas
  20 orc wizards
  4 ogre zombies (D:11)
  10 gnolls
  4 adders
  An ufetubus (D:5)
  4 worms
  2 dart slugs
  50 orcs
  An endoplasm (D:1)
  2 giant cockroaches
  8 goblins
  3 hobgoblins
  17 kobolds
  6 quokkas
  8 ball pythons
  3 bats
  A frilled lizard (D:1)
  2 goblin zombies (D:11)
  3 orc skeletons (D:11)
  9 orc zombies (D:11)
  5 rats
  2 fire vortices (Volcano)
  A tentacle (Shoals:3)
946 creatures vanquished.

Vanquished Creatures (collateral kills)
  A nagaraja (Snake:4)
  3 naga warriors (Snake:4)
  A catoblepas (Lair:2)
  A centaur warrior (D:8)
  A naga sharpshooter (Snake:4)
  A salamander mystic (Snake:4)
  A phantasmal warrior (D:14)
  A salamander (Snake:4)
  2 naga magi (Snake:4)
  A black mamba (Snake:4)
  A cane toad (Lair:3)
  A rime drake (Lair:5)
  3 komodo dragons
  3 yaks (Lair:2)
  An acid dragon (D:14)
  2 nagas (Snake:4)
  An ogre (D:5)
  A wolf (Lair:2)
  3 hounds (D:8)
  3 jellies (D:13)
  An iguana (D:5)
  A shadow imp (D:5)
  A fungus (Lair:3)
  A plant (Lair:3)
36 creatures vanquished.

Vanquished Creatures (others)
  A boulder beetle (D:12)
  A merfolk avatar (Shoals:4)
  A centaur zombie (D:10)
  A faun (Shoals:1)
  A merfolk siren (Shoals:1)
  A black mamba (Snake:3)
  A torpor snail (Lair:2)
  A naga mage (Snake:3)
  2 vault sentinels (Vaults:1)
  A cane toad (Lair:1)
  A tengu conjurer (D:14)
  17 slime creatures
  4 dream sheep (Shoals:1)
  A tarantella (shapeshifter) (D:14)
  A vampire (D:14)
  A shadow (D:11)
  A yak (shapeshifter) (D:14)
  A human (Shoals:3)
  4 yaks
  2 basilisks (Lair:1)
  A warg (Orc:2)
  A water moccasin (Lair:5)
  An acid dragon (D:11)
  An orc warrior (D:9)
  A black bear (Lair:1)
  4 boggarts (D:14)
  A necrophage (D:5)
  An ogre (Orc:1)
  A centaur (D:12)
  2 kobold brigands
  9 bullfrogs
  A water moccasin zombie (D:6)
  2 killer bees (D:9)
  2 electric eels (D:8)
  A howler monkey (D:7)
  210 jellies
  3 hounds (D:8)
  4 orc priests
  An iguana (D:5)
  3 orc wizards
  A howler monkey skeleton (D:6)
  A gnoll (D:7)
  A river rat (D:6)
  A shadow imp (D:6)
  A white imp (D:6)
  An ufetubus (D:5)
  An adder skeleton (D:4)
  2 dart slugs
  3 endoplasms
  15 orcs
  3 giant cockroaches
  2 goblins
  4 hobgoblins
  10 kobolds
  A quokka (D:4)
  3 ball pythons
  4 bats
  A goblin skeleton (D:11)
  A goblin zombie (D:11)
  2 hobgoblin skeletons (D:11)
  7 orc zombies (D:11)
  A rat (D:2)
  4 fire vortices (Volcano)
  133 fungi
  290 plants
  3 tentacles (Shoals:3)
790 creatures vanquished.

Grand Total: 1772 creatures vanquished

Notes
Turn   | Place    | Note
-------+----------+-------------------------------------------
     0 | D:1      | Zonian the Djinni Ice Elementalist began the quest for the
                  | Orb.
     0 | D:1      | Reached XP level 1. HP: 15/15 MP: 0/0
   328 | D:1      | Reached XP level 2. HP: 14/21 MP: 0/0
   487 | D:1      | Found a faded altar of an unknown god.
   510 | D:1      | Prayed at the altar of an unknown god.
   510 | D:1      | Became a worshipper of Jiyva Jupp the Shapeless
   510 | D:1      | Reached * piety under Jiyva
   837 | D:1      | You are sucked into a shaft and drop 1 floor!
   860 | D:2      | Reached XP level 3. HP: 12/25 MP: 0/0
   860 | D:2      | Learned a level 1 spell: Slow
   994 | D:2      | Reached ** piety under Jiyva
  2355 | D:2      | Reached *** piety under Jiyva
  2597 | D:3      | Gained mutation: You have a pair of small antennae on your
                  | head. [Jiyva's grace]
  2597 | D:3      | Gained mutation: You have a pair of antennae on your head.
                  | [Jiyva's grace]
  2597 | D:3      | Gained mutation: You have a pair of large antennae on your
                  | head. (SInv) [Jiyva's grace]
  2597 | D:3      | Gained mutation: You are robust. (+10% HP) [Jiyva's grace]
  2775 | D:3      | Reached XP level 4. HP: 33/34 MP: 0/0
  3011 | D:3      | Reached XP level 5. HP: 38/38 MP: 0/0
  3011 | D:3      | Learned a level 2 spell: Scorch
  3045 | D:3      | Reached **** piety under Jiyva
  3196 | D:3      | Reached XP level 6. HP: 29/44 MP: 0/0
  3751 | D:4      | Reached skill level 5 in Dodging
  3917 | D:4      | Reached ***** piety under Jiyva
  4007 | D:4      | Gained mutation: You have a small jelly attached to you
                  | that may absorb projectiles. [Jiyva's grace]
  4007 | D:4      | Gained mutation: You are partially covered in iridescent
                  | scales. (AC +2) [Jiyva's grace]
  4007 | D:4      | Gained mutation: You are mostly covered in iridescent
                  | scales. (AC +4) [Jiyva's grace]
  4007 | D:4      | Gained mutation: You are completely covered in iridescent
                  | scales. (AC +6) [Jiyva's grace]
  4161 | D:5      | Entered Level 5 of the Dungeon
  4200 | D:5      | Reached XP level 7. HP: 27/49 MP: 0/0
  4200 | D:5      | Learned a level 3 spell: Mephitic Cloud
  4218 | D:5      | Found a staircase to the Ecumenical Temple.
  4278 | D:5      | Reached skill level 5 in Spellcasting
  4299 | D:5      | Reached skill level 1 in Fighting
  4299 | D:5      | Reached skill level 1 in Short Blades
  4921 | D:6      | Reached XP level 8. HP: 58/58 MP: 0/0
  5547 | D:6      | Noticed a two-headed ogre
  5588 | D:6      | Killed a two-headed ogre
  5589 | D:6      | Reached XP level 9. HP: 46/68 MP: 0/0
  5589 | D:6      | Learned a level 4 spell: Ice Form
  5625 | D:6      | Lost mutation: You are completely covered in iridescent
                  | scales. (AC +6) [Jiyva's grace]
  5625 | D:6      | Gained mutation: You have acidic saliva. [Jiyva's grace]
  5625 | D:6      | Gained mutation: You possess an exceptional clarity of
                  | mind. [Jiyva's grace]
  5625 | D:6      | Gained mutation: Your mind is acute. (Int +2) [Jiyva's
                  | grace]
  5625 | D:6      | Gained mutation: Your mind is very acute. (Int +4) [Jiyva's
                  | grace]
  5631 | D:6      | Found a runed translucent door.
  5636 | D:6      | Noticed frimble's ghost (novice DsWr)
  5673 | D:6      | Killed frimble's ghost
  5678 | D:6      | Found a runed translucent door.
  6027 | D:7      | Reached ****** piety under Jiyva
  6040 | D:7      | Noticed Pikel
  6069 | D:7      | Killed Pikel
  6356 | D:7      | Reached XP level 10. HP: 75/75 MP: 0/0
  6450 | D:7      | Reached skill level 5 in Stealth
  6714 | D:8      | Reached skill level 5 in Fighting
  6828 | D:8      | Found a staircase to the Lair.
  6836 | D:8      | Noticed a centaur warrior
  6841 | Lair:1   | Entered Level 1 of the Lair of Beasts
  7039 | Lair:1   | Killed a cane toad
  7078 | Lair:1   | Noticed Sonja
  7089 | Lair:1   | Killed Sonja
  7157 | Lair:1   | Noticed a komodo dragon
  7170 | Lair:1   | Killed a komodo dragon
  7171 | Lair:1   | Reached skill level 5 in Short Blades
  7217 | Lair:1   | Noticed a komodo dragon
  7226 | Lair:1   | Killed a komodo dragon
  7238 | Lair:1   | Noticed a five-headed hydra
  7349 | Lair:1   | Noticed a komodo dragon
  7369 | Lair:1   | Killed a komodo dragon
  7529 | D:8      | Killed a centaur warrior
  7530 | D:8      | Reached XP level 11. HP: 53/83 MP: 0/0
  7530 | D:8      | Learned a level 5 spell: Fireball
  7668 | D:8      | Lost mutation: You have a pair of large antennae on your
                  | head. (SInv) [Jiyva's grace]
  7668 | D:8      | Lost mutation: You are mostly covered in iridescent scales.
                  | (AC +4) [Jiyva's grace]
  7668 | D:8      | Lost mutation: Your mind is very acute. (Int +4) [Jiyva's
                  | grace]
  7668 | D:8      | Lost mutation: Your mind is acute. (Int +2) [Jiyva's grace]
  7668 | D:8      | Gained mutation: You have a small jelly attached to you
                  | that senses nearby items. [Jiyva's grace]
  7668 | D:8      | Gained mutation: You are strong-willed. (Will+) [Jiyva's
                  | grace]
  7668 | D:8      | Gained mutation: You are highly strong-willed. (Will++)
                  | [Jiyva's grace]
  7668 | D:8      | Gained mutation: You are extremely strong-willed. (Will+++)
                  | [Jiyva's grace]
  7707 | D:8      | Noticed a two-headed ogre
  7716 | D:8      | Killed a two-headed ogre
  9284 | Lair:1   | Killed a five-headed hydra
  9285 | Lair:1   | Reached skill level 10 in Dodging
  9842 | Lair:2   | Noticed a catoblepas
  9860 | Lair:2   | Killed a catoblepas
  9861 | Lair:2   | Reached XP level 12. HP: 29/94 MP: 0/0
 10196 | Lair:2   | Found a frozen archway.
 10581 | Lair:2   | Found a staircase to the Snake Pit.
 11041 | Lair:3   | Found a staircase to the Shoals.
 11114 | Lair:3   | Lost mutation: You possess an exceptional clarity of mind.
                  | [Jiyva's grace]
 11114 | Lair:3   | Lost mutation: You are extremely strong-willed. (Will+++)
                  | [Jiyva's grace]
 11114 | Lair:3   | Gained mutation: Your mind is acute. (Int +2) [Jiyva's
                  | grace]
 11114 | Lair:3   | Gained mutation: Your mind is very acute. (Int +4) [Jiyva's
                  | grace]
 11114 | Lair:3   | Gained mutation: You have very sharp teeth. [Jiyva's grace]
 11114 | Lair:3   | Gained mutation: You have extremely sharp teeth. [Jiyva's
                  | grace]
 11461 | Lair:3   | Reached XP level 13. HP: 76/103 MP: 0/0
 11461 | Lair:3   | Learned a level 5 spell: Irradiate
 12078 | Lair:4   | Noticed a seven-headed hydra
 12192 | Lair:4   | Killed a seven-headed hydra
 12728 | Lair:4   | Reached skill level 10 in Fighting
 13068 | Lair:5   | Noticed an eight-headed hydra
 13072 | Lair:5   | Killed an eight-headed hydra
 13508 | Lair:5   | Lost mutation: You have extremely sharp teeth. [Jiyva's
                  | grace]
 13508 | Lair:5   | Lost mutation: Your mind is very acute. (Int +4) [Jiyva's
                  | grace]
 13508 | Lair:5   | Lost mutation: You are highly strong-willed. (Will++)
                  | [Jiyva's grace]
 13508 | Lair:5   | Gained mutation: Your melee attacks may engulf your foes in
                  | ooze. [Jiyva's grace]
 13508 | Lair:5   | Gained mutation: You are very robust. (+20% HP) [Jiyva's
                  | grace]
 13508 | Lair:5   | Gained mutation: You are extremely robust. (+30% HP)
                  | [Jiyva's grace]
 13508 | Lair:5   | Gained mutation: You are mostly covered in iridescent
                  | scales. (AC +4) [Jiyva's grace]
 13615 | Lair:5   | Found a staircase to the Slime Pits.
 13905 | Lair:6   | Entered Level 6 of the Lair of Beasts
 14025 | Lair:6   | Reached skill level 10 in Stealth
 14040 | Lair:6   | Reached XP level 14. HP: 111/133 MP: 0/0
 14499 | Lair:6   | Found a dark tunnel.
 14521 | Volcano  | Entered a volcano
 14901 | Volcano  | Reached skill level 10 in Spellcasting
 15646 | Lair:6   | Lost mutation: You are mostly covered in iridescent scales.
                  | (AC +4) [Jiyva's grace]
 15646 | Lair:6   | Lost mutation: You are extremely robust. (+30% HP) [Jiyva's
                  | grace]
 15646 | Lair:6   | Lost mutation: You have a small jelly attached to you that
                  | may absorb projectiles. [Jiyva's grace]
 15646 | Lair:6   | Gained mutation: You are agile. (Dex +2) [Jiyva's grace]
 15646 | Lair:6   | Gained mutation: You are very agile. (Dex +4) [Jiyva's
                  | grace]
 15646 | Lair:6   | Gained mutation: You are extremely robust. (+30% HP)
                  | [Jiyva's grace]
 15646 | Lair:6   | Gained mutation: Your translucent skin slightly reduces
                  | your foes' accuracy. (Stealth+) [Jiyva's grace]
 16080 | Lair:6   | Identified the ring "Naosaj" {Int+6 Dex+9}
 16387 | D:10     | Entered Level 10 of the Dungeon
 16605 | D:10     | Noticed Psyche
 16610 | D:10     | Killed Psyche
 16957 | D:10     | Found a sparkling altar of Nemelex Xobeh.
 16958 | D:10     | Found an opulent altar of Gozag.
 17707 | D:11     | Found a staircase to the Orcish Mines.
 18032 | D:11     | Found a hazy altar of Hepliaklqana.
 18154 | D:11     | Lost mutation: You have a small jelly attached to you that
                  | senses nearby items. [Jiyva's grace]
 18154 | D:11     | Lost mutation: Your melee attacks may engulf your foes in
                  | ooze. [Jiyva's grace]
 18154 | D:11     | Gained mutation: You have hidden genetic potential.
                  | [Jiyva's grace]
 18154 | D:11     | Gained mutation: You have great hidden genetic potential.
                  | [Jiyva's grace]
 18154 | D:11     | Gained mutation: Your natural rate of healing is unusually
                  | fast. [Jiyva's grace]
 18154 | D:11     | Gained mutation: You heal very quickly. [Jiyva's grace]
 18295 | D:12     | Reached XP level 15. HP: 140/145 MP: 0/0
 18295 | D:12     | Learned a level 6 spell: Statue Form
 18481 | D:12     | Found Xutsaud's Specialty Armours.
 20440 | D:14     | Reached skill level 1 in Shields
 20524 | D:14     | Found a gate to the Vaults.
 20636 | D:14     | Gained mutation: You are mostly covered in iridescent
                  | scales. (AC +4) [hidden potential]
 21074 | D:14     | Lost mutation: You have very sharp teeth. [Jiyva's grace]
 21074 | D:14     | Lost mutation: You are mostly covered in iridescent scales.
                  | (AC +4) [Jiyva's grace]
 21074 | D:14     | Lost mutation: You are extremely robust. (+30% HP) [Jiyva's
                  | grace]
 21074 | D:14     | Lost mutation: You have great hidden genetic potential.
                  | [Jiyva's grace]
 21074 | D:14     | Gained mutation: Your melee attacks may engulf your foes in
                  | ooze. [Jiyva's grace]
 21074 | D:14     | Gained mutation: You are mostly covered in iridescent
                  | scales. (AC +4) [Jiyva's grace]
 21074 | D:14     | Gained mutation: You are completely covered in iridescent
                  | scales. (AC +6) [Jiyva's grace]
 21074 | D:14     | Gained mutation: Your flesh is almost immune to the effects
                  | of heat. (rF+++) [Jiyva's grace]
 21253 | D:14     | Found an ornate altar of the Wu Jian Council.
 21390 | D:15     | Entered Level 15 of the Dungeon
 21596 | D:15     | Reached skill level 1 in Crossbows
 21602 | D:15     | Reached XP level 16. HP: 144/144 MP: 0/0
 21867 | D:15     | Found a staircase to the Depths.
 21977 | D:15     | Found a sacrificial altar of Ru.
 22022 | D:15     | Reached skill level 15 in Dodging
 22062 | D:15     | Found Lamun's Book Emporium.
 22471 | D:15     | Upgraded the game from 0.29-a0-23-ga79f92ac9c to
                  | 0.29-a0-25-g7f48f510a0
 22672 | Orc:1    | Entered Level 1 of the Orcish Mines
 23119 | Orc:2    | Entered Level 2 of the Orcish Mines
 23273 | Orc:2    | Reached skill level 1 in Evocations
 23437 | Orc:2    | Found Onaippy's Antique Armour Shoppe.
 23477 | Orc:2    | Found Lyacemeo's Antique Weapon Shoppe.
 23570 | Orc:2    | Found Cuph's Book Boutique.
 23592 | Orc:2    | Lost mutation: You are completely covered in iridescent
                  | scales. (AC +6) [Jiyva's grace]
 23592 | Orc:2    | Lost mutation: You are very agile. (Dex +4) [Jiyva's grace]
 23592 | Orc:2    | Lost mutation: Your flesh is almost immune to the effects
                  | of heat. (rF+++) [Jiyva's grace]
 23592 | Orc:2    | Lost mutation: You are strong-willed. (Will+) [Jiyva's
                  | grace]
 23592 | Orc:2    | Lost mutation: You heal very quickly. [Jiyva's grace]
 23592 | Orc:2    | Lost mutation: You have acidic saliva. [Jiyva's grace]
 23592 | Orc:2    | Gained mutation: You have a small jelly attached to you
                  | that senses nearby items. [Jiyva's grace]
 23592 | Orc:2    | Gained mutation: Your mind is very acute. (Int +4) [Jiyva's
                  | grace]
 23592 | Orc:2    | Gained mutation: Armour fits poorly on your pseudopods.
                  | [Jiyva's grace]
 23592 | Orc:2    | Gained mutation: Armour fits poorly on your large
                  | pseudopods. [Jiyva's grace]
 23614 | Orc:2    | Found a staircase to the Elven Halls.
 23673 | Orc:2    | Noticed Azrael
 23691 | Orc:2    | Killed Azrael
 23792 | Orc:2    | Found Tipu's General Store.
 23799 | Orc:2    | Bought a scroll of teleportation for 48 gold pieces
 24031 | Orc:1    | Found Serhimow's Superlative Supplies.
 24080 | Orc:1    | Bought a scroll of summoning for 133 gold pieces
 24440 | Snake:1  | Entered Level 1 of the Snake Pit
 24528 | Snake:1  | Found a transporter.
 24532 | Snake:1  | Noticed freelancePsychic's ghost (journeyman MiBe)
 24543 | Snake:1  | Found a transporter.
 24568 | Snake:1  | Found a runed translucent door.
 24582 | Snake:1  | Noticed a nagaraja
 24635 | Snake:1  | Found an iron altar of Okawaru.
 24697 | Snake:1  | You are sucked into a shaft and drop 1 floor!
 25157 | Snake:2  | Noticed Frances
 25176 | Snake:2  | Killed Frances
 25463 | Snake:2  | Reached XP level 17. HP: 152/152 MP: 0/0
 25463 | Snake:2  | Learned a level 6 spell: Death Channel
 25719 | Snake:2  | Noticed Aizul
 25806 | Snake:2  | Lost mutation: You have a pair of antennae on your head.
                  | [Jiyva's grace]
 25806 | Snake:2  | Lost mutation: Your mind is very acute. (Int +4) [Jiyva's
                  | grace]
 25806 | Snake:2  | Lost mutation: You are very robust. (+20% HP) [Jiyva's
                  | grace]
 25806 | Snake:2  | Lost mutation: Armour fits poorly on your large pseudopods.
                  | [Jiyva's grace]
 25806 | Snake:2  | Lost mutation: You have hidden genetic potential. [Jiyva's
                  | grace]
 25806 | Snake:2  | Gained mutation: Your mind is very acute. (Int +4) [Jiyva's
                  | grace]
 25806 | Snake:2  | Gained mutation: You are very agile. (Dex +4) [Jiyva's
                  | grace]
 25806 | Snake:2  | Gained mutation: You have a pair of antennae on your head.
                  | [Jiyva's grace]
 25806 | Snake:2  | Gained mutation: You have a pair of large antennae on your
                  | head. (SInv) [Jiyva's grace]
 26266 | Snake:2  | Was placed under penance by Jiyva
 26372 | Snake:2  | Found a burning altar of Makhleb.
 26456 | Snake:2  | Was forgiven by Jiyva
 27531 | Snake:3  | Found Seaxzuz's General Store.
 27944 | Snake:4  | Entered Level 4 of the Snake Pit
 28240 | Snake:4  | Found Cag Jost's Book Boutique.
 28242 | Snake:4  | Found Huasit's Antique Weapon Shop.
 28244 | Snake:4  | Found Iqeest's Antique Weapon Boutique.
 28283 | Snake:4  | Reached skill level 5 in Evocations
 28301 | Snake:4  | Reached skill level 5 in Crossbows
 28425 | Snake:4  | Reached XP level 18. HP: 54/148 MP: 0/0
 28547 | Snake:4  | Found a runed translucent gate.
 28547 | Snake:4  | Found a runed translucent gate.
 28553 | Snake:4  | Noticed Hoamet's ghost (adept DgFE)
 28999 | Snake:4  | Found a runed translucent gate.
 29106 | Snake:4  | Got a serpentine rune of Zot
 29567 | Snake:4  | Killed Hoamet's ghost
 29922 | Shoals:1 | Entered Level 1 of the Shoals
 29933 | Shoals:1 | Lost mutation: You have a small jelly attached to you that
                  | senses nearby items. [Jiyva's grace]
 29933 | Shoals:1 | Gained mutation: You passively map a small area around you.
                  | [Jiyva's grace]
 29933 | Shoals:1 | Gained mutation: You passively map the area around you.
                  | [Jiyva's grace]
 29933 | Shoals:1 | Gained mutation: You passively map a large area around you.
                  | [Jiyva's grace]
 29933 | Shoals:1 | Gained mutation: Armour fits poorly on your large
                  | pseudopods. [Jiyva's grace]
 30246 | Shoals:1 | Identified the +4 quarterstaff of Fedhas's Inspiration
                  | {vorpal, rElec Dex+4}
 30491 | Slime:1  | Entered Level 1 of the Pits of Slime
 30556 | Slime:1  | Noticed an acid blob
 30558 | Slime:2  | Noticed an acid blob
 30565 | Slime:3  | Noticed an acid blob
 30585 | Slime:5  | Entered Level 5 of the Pits of Slime
 30638 | Slime:5  | Found a viscous altar of Jiyva.
 30638 | Slime:5  | Noticed an acid blob
 30640 | Slime:5  | Noticed an acid blob
 30640 | Slime:5  | Noticed an acid blob
 30640 | Slime:5  | Noticed an acid blob
 30642 | Slime:5  | Noticed an acid blob
 30644 | Slime:5  | Identified the amulet "Pexkoma" {RegenMP Int+4}
 30647 | Slime:5  | Identified the +4 plate armour of Noumeyle {rN+ Will+ Str+2
                  | Int-5}
 30650 | Slime:5  | Noticed an acid blob
 30655 | Slime:5  | Got a slimy rune of Zot
 30665 | Slime:5  | Identified the +1 scale mail of the Poles {Str+2}
 30666 | Slime:5  | Identified the +1 ring mail of Pantheism {rC+}
 30678 | Slime:5  | Identified the +5 mace of the End of Times {speed, Int+4}
 30713 | Slime:5  | Noticed the Royal Jelly
 30772 | Slime:1  | Noticed an acid blob
 31513 | Shoals:2 | Reached skill level 1 in Armour
 31550 | Shoals:2 | Noticed Mlioglotl
 31557 | Shoals:2 | Killed Mlioglotl
 31753 | Shoals:2 | Found Sieshraygg's Magic Scroll Shoppe.
 31764 | Shoals:2 | Lost mutation: You are mostly covered in iridescent scales.
                  | (AC +4) [Jiyva's grace]
 31764 | Shoals:2 | Lost mutation: You are very agile. (Dex +4) [Jiyva's grace]
 31764 | Shoals:2 | Lost mutation: You are agile. (Dex +2) [Jiyva's grace]
 31764 | Shoals:2 | Lost mutation: Your mind is very acute. (Int +4) [Jiyva's
                  | grace]
 31764 | Shoals:2 | Lost mutation: Your translucent skin slightly reduces your
                  | foes' accuracy. (Stealth+) [Jiyva's grace]
 31764 | Shoals:2 | Gained mutation: You possess an exceptional clarity of
                  | mind. [Jiyva's grace]
 31764 | Shoals:2 | Gained mutation: You have a small jelly attached to you
                  | that may absorb projectiles. [Jiyva's grace]
 31764 | Shoals:2 | Gained mutation: You passively dampen the noise of your
                  | surroundings. [Jiyva's grace]
 31764 | Shoals:2 | Gained mutation: You are covered in slimy tendrils that may
                  | disarm your opponents. [Jiyva's grace]
 31767 | Shoals:2 | Noticed Ilsuiw
 31817 | Shoals:2 | Killed Ilsuiw
 32425 | Shoals:3 | Noticed Kirke
 32432 | Shoals:3 | Killed Kirke
 32467 | Shoals:3 | Reached XP level 19. HP: 156/156 MP: 0/0
 32467 | Shoals:3 | Learned a level 7 spell: Orb of Destruction
 33065 | Shoals:3 | Reached skill level 15 in Fighting
 33613 | Shoals:4 | Entered Level 4 of the Shoals
 34088 | Shoals:4 | Identified the +7 mace of the Onslaught {vorpal, rC++ Will+
                  | Int+3 Dex+3}
 34583 | Shoals:4 | Reached skill level 10 in Short Blades
 34587 | Shoals:4 | Got a barnacled rune of Zot
 34869 | Vaults:1 | Entered Level 1 of the Vaults
 34952 | Vaults:1 | Reached skill level 5 in Armour
 35330 | Vaults:1 | Lost mutation: You have a pair of large antennae on your
                  | head. (SInv) [Jiyva's grace]
 35330 | Vaults:1 | Lost mutation: You have a pair of antennae on your head.
                  | [Jiyva's grace]
 35330 | Vaults:1 | Lost mutation: You have a pair of small antennae on your
                  | head. [Jiyva's grace]
 35330 | Vaults:1 | Lost mutation: You passively map a large area around you.
                  | [Jiyva's grace]
 35330 | Vaults:1 | Lost mutation: Your natural rate of healing is unusually
                  | fast. [Jiyva's grace]
 35330 | Vaults:1 | Lost mutation: You are robust. (+10% HP) [Jiyva's grace]
 35330 | Vaults:1 | Lost mutation: Your melee attacks may engulf your foes in
                  | ooze. [Jiyva's grace]
 35330 | Vaults:1 | Gained mutation: Your movements are slightly less
                  | encumbered by armour. (ER -2) [Jiyva's grace]
 35330 | Vaults:1 | Gained mutation: Your movements are less encumbered by
                  | armour. (ER -4) [Jiyva's grace]
 35330 | Vaults:1 | Gained mutation: Your movements are significantly less
                  | encumbered by armour. (ER -6) [Jiyva's grace]
 35330 | Vaults:1 | Gained mutation: Your melee attacks may engulf your foes in
                  | ooze. [Jiyva's grace]
 35351 | Vaults:1 | HP: 2/143 [ironbound frostheart (16)]
 35352 | Vaults:1 | Killed from afar by an ironbound frostheart

Illustrated notes

Levels and vault maps discovered:
D:1:      evilmike_arrival_crescent, layout_basic,
          shapermc_ecumenical_altar_pompeii, chequers_serial_rivers_small_b,
          minmay_misc_feat_secret_circle,
          nicolae_concentric_dashed_squares_mild,
          wander_ebering_terrifying_dragon_lair
D:2:      layout_basic
D:3:      layout_basic, grunt_ministairs_14
D:4:      layout_cave_pools, minmay_checkerbox
D:5:      layout_basic, minmay_temple_entry_statues_fountains, nrook_campfire,
          grunt_ministairs_13
D:6:      minmay_general_purpose_star, layout_gridville, ebering_ghost_sewer_f,
          nicolae_underground_beach
D:7:      layout_basic, uniq_pikel
D:8:      layout_basic, erik_lair_island
D:9:      layout_cave_pools, special_room [special_room_bee]
D:10:     layout_loops_ring, grunt_temple_overflow_opulence, uniq_psyche
D:11:     layout_cave_pods, zombieorc2_lemuel, nzn_hepliaklqana_mist_gate
D:12:     minmay_spotlight, layout_cave_pools, nicolae_barding_shop
D:13:     layout_basic
D:14:     minmay_complete_graph, layout_loops_ring, nrook_mini_backslash,
          chequers_serial_rivers_room_a, st_stairs_2, eino_curves_02,
          nzn_wu_jian_contemplation
D:15:     hangedman_depths_entry_civil_slaughter, layout_stronghold,
          serial_shops, nicolae_shop_advertising_works
          [nicolae_subvault_shop_adworks], nicolae_ru_sacrificial_ziggurat,
          minmay_misc_feat_hallway
Lair:1:   layout_regular_city, lemuel_fruit_tree, grunt_megastairs_1, uniq_sonja
Lair:2:   layout_hall_layers, guppyfry_snake_entry_garden,
          portal_ice_cave_entry_pillars_2, lemuel_fruit_fields,
          grunt_megastairs_4
Lair:3:   layout_chaotic_city, elwin_shoals_entry_rocks
Lair:4:   layout_misc_corridors
Lair:5:   layout_gridlike, minmay_slime_entry_jelly_boxes, grunt_megastairs_3
Lair:6:   minmay_lair_end_frog_pond, layout_gridlike,
          lightli_volcano_entry_magma_tube
Shoals:1: layout_shoals
Shoals:2: layout_shoals, serial_shops, nicolae_stop_n_shop_1, uniq_ilsuiw,
          uniq_mlioglotl
Shoals:3: layout_shoals, nicolae_shoals_water_shrine, uniq_kirke
Shoals:4: shoals_end_simple, layout_shoals
Snake:1:  cheibrodos_toxic_ritual, layout_layer_cave, basic_altar,
          gammafunk_ghost_berserking_beasts, nicolae_snake_serpentine_bazaar,
          uniq_roxanne
Snake:2:  layout_grid_maze, basic_altar, serial_bayou_shore_a, uniq_frances,
          uniq_aizul
Snake:3:  layout_basic, serial_shops, nicolae_shop_trees
Snake:4:  snake_pit, layout_onion, gammafunk_ghost_split,
          nicolae_snake_lava_pool, minmay_shop_star
Slime:1:  layout_caves, nicolae_slime_phagocytosis
Slime:2:  layout_caves
Slime:3:  layout_caves
Slime:4:  layout_caves, basic_altar
Slime:5
Orc:1:    layout_caves, basic_altar, nicolae_alphabet_shops, mines2_david
Orc:2:    grunt_orc_gardens, layout_diamond_mine, grunt_orc_garden,
          grunt_orc_garden, grunt_orc_garden, grunt_orc_garden,
          nicolae_orc_rockfall, uniq_azrael
Vaults:1: grunt_vaults_bifocal, v_pattern_4, ontoclasm_vaults_spin,
          ontoclasm_vaults_ring_small, nicolae_vaults_little_squares_6,
          vaults_room_stairs_pillars, grunt_vaults_funnel,
          ontoclasm_vaults_ligature, nicolae_vaults_alarming,
          vaults_room_stairs_pillars, nicolae_vaults_network_periphery,
          nicolae_vaults_little_squares_6, nicolae_vaults_stairing_the_circle,
          vaults_room_pools, st_cross, layout_vaults_maze_bifur, serial_shops,
          nicolae_diamond_shop

Skill      XL: |  1  2  3  4  5  6  7  8  9 10 11 12 13 14 15 16 17 18 19 |
---------------+----------------------------------------------------------+-----
Stealth        | 2 4 6 7 8 10 11 12 13 | 13.7
Dodging        | 3 4 5 6 7 9 10 11 12 14 15 | 15.0
Spellcasting   | 4 5 6 7 8 9 10 11 12 13 | 13.0
Fighting       | 1 3 4 6 7 9 10 11 12 13 14 15 | 15.4
Short Blades   | 1 3 4 5 6 7 8 9 10 | 10.1
Shields        | 3 4 |  4.0
Crossbows      | 1 3 5 6 7 |  7.7
Evocations     | 3 6 7 8 |  8.9
Armour         | 2 5 |  5.0

Action                   |  1- 3 |  4- 6 |  7- 9 | 10-12 | 13-15 | 16-18 | 19-21 || total
-------------------------+-------+-------+-------+-------+-------+-------+-------++-------
Melee: Unarmed           |     3 |       |       |       |       |       |       ||     3
       Short sword       |    57 |    44 |       |   347 |  1213 |  1468 |   381 ||  3510
       Punch             |     3 |     1 |     2 |     5 |    26 |       |       ||    37
       Dagger            |       |    52 |   115 |    61 |       |       |       ||   228
       Bite              |       |       |     7 |    78 |   229 |    56 |       ||   370
       Pseudopods        |       |       |       |       |       |   407 |   203 ||   610
       Staff             |       |       |       |       |       |     3 |       ||     3
       Rapier            |       |       |       |       |       |       |   140 ||   140
 Fire: Hand crossbow     |       |       |       |       |       |    45 |     2 ||    47
 Cast: Freeze            |    49 |    19 |    14 |     6 |    23 |       |       ||   111
       Slow              |       |     3 |     4 |    18 |    10 |     4 |       ||    39
       Frozen Ramparts   |       |     3 |     7 |    25 |    34 |    37 |     3 ||   109
       Scorch            |       |    12 |    42 |    47 |    11 |     9 |       ||   121
       Mephitic Cloud    |       |       |     2 |     5 |    14 |    15 |    11 ||    47
       Hailstorm         |       |       |     1 |     3 |    15 |    63 |    19 ||   101
       Ozocubu's Armour  |       |       |     1 |     2 |     3 |    11 |     3 ||    20
       Fireball          |       |       |       |       |    67 |    19 |    22 ||   108
       Irradiate         |       |       |       |       |    15 |    20 |     9 ||    44
       Ice Form          |       |       |       |       |     1 |       |       ||     1
       Statue Form       |       |       |       |       |       |     1 |     1 ||     2
       Death Channel     |       |       |       |       |       |     2 |       ||     2
Invok: Oozemancy         |       |       |       |     5 |       |     1 |     1 ||     7
       Slimify           |       |       |       |       |     2 |       |       ||     2
 Abil: End Transformatio |       |       |       |       |     1 |       |       ||     1
Evoke: Wand              |       |       |     1 |     1 |     9 |     8 |       ||    19
       Tin of tremorston |       |       |       |       |     1 |     3 |       ||     4
  Use: Scroll            |     2 |     1 |     2 |     5 |    12 |     5 |     2 ||    29
       Potion            |     2 |       |       |     8 |     1 |     1 |     2 ||    14
 Stab: Sleeping          |     5 |     3 |     6 |     7 |    25 |    27 |    16 ||    89
       Distracted        |       |     1 |       |     1 |     6 |     5 |     3 ||    16
       Petrifying        |       |       |       |     1 |       |       |       ||     1
       Confused          |       |       |       |     5 |     6 |     7 |    24 ||    42
Armor: Robe              |    16 |    20 |    38 |    79 |   159 |    85 |    33 ||   430
       Skin              |       |       |       |       |       |     8 |     6 ||    14
Dodge: Dodged            |    66 |   103 |   116 |   394 |  1323 |  1331 |   408 ||  3741
Block: Buckler           |       |       |       |       |    38 |   413 |   119 ||   570

Table legend: (Time is in decaauts)
 A = Elapsed time spent in this place.
 B = Non-inter-level travel time spent in this place.
 C = Inter-level travel time spent in this place.
 D = Time resting spent in this place.
 E = Time spent auto-exploring this place.
 F = Levels seen in this place.
 G = Mean time per level.
                   A        B        C        D        E       F      G
               +--------+--------+--------+--------+--------+-----+--------+
         Total |  34559 |  32939 |   1620 |   6607 |  14888 |  38 |  909.4 |
       Dungeon |  14959 |  14253 |    706 |   2382 |   8299 |  15 |  997.3 |
          Lair |   7151 |   6699 |    452 |   1522 |   2536 |   6 | 1191.8 |
        Shoals |   4126 |   4000 |    126 |    518 |   1548 |   4 | 1031.5 |
     Snake Pit |   5308 |   5166 |    142 |   1460 |   1791 |   4 | 1327.0 |
    Slime Pits |    315 |    234 |     81 |      0 |      0 |   5 |   63.0 |
  Orcish Mines |   1599 |   1488 |    111 |    150 |    635 |   2 |  799.5 |
        Vaults |    441 |    441 |      0 |    173 |     79 |   1 |  441.0 |
       Volcano |    658 |    658 |      0 |    401 |      0 |   1 |  658.0 |
               +--------+--------+--------+--------+--------+-----+--------+

Top non-repeatable levels by time:
 Snake:2: 2045 daAuts
 Snake:4: 1737 daAuts
     D:1: 1535 daAuts
  Lair:6: 1398 daAuts
  Lair:1: 1367 daAuts
    D:13: 1361 daAuts
    D:14: 1260 daAuts
 Snake:3: 1254 daAuts
  Lair:2: 1244 daAuts
     D:3: 1157 daAuts
    D:11: 1156 daAuts
Shoals:3: 1144 daAuts
  Lair:3: 1115 daAuts
    D:15: 1112 daAuts
     D:8: 1086 daAuts
